 Dungeon Crawl Stone Soup version 0.18-b1-2-gd0c887e (webtiles) character file.

144 Zhenya25pyc the Covered (level 5, -1/33 HPs)
             Began as a Gargoyle Fighter on Apr 28, 2016.
             Slain by an orc
             ... wielding a +0 falchion
              (2 damage)
             ... on level 3 of the Dungeon.
             The game lasted 00:06:54 (1821 turns).

Zhenya25pyc the Covered (Gargoyle Fighter)          Turns: 1821, Time: 00:06:55

Health: -1/33      AC: 11    Str: 20    XL:     5   Next: 26%
Magic:  5/5        EV:  7    Int: 14    God:
Gold:   78         SH:  9    Dex: 13    Spells: 0 memorised, 4 levels left

rFire  . . .     SeeInvis .     a - +0 flail
rCold  . . .     Gourm    .     b - +0 scale mail
rNeg   + . .     Faith    .     c - +0 shield
rPois  ∞         Spirit   .     (no helmet)
rElec  +         Dismiss  .     (no cloak)
rCorr  .         Reflect  .     (no gloves)
SustAt .         Harm     .     (no boots)
MR     .....                    (no amulet)
Stlth  ..........               (no ring)
                                p - +4 ring of dexterity

@: brilliant, not resistant to hostile enchantments, extremely unstealthy
A: negative energy resistance 1, electricity resistance, unbreathing,
petrification resistance, rot immunity, AC +4
a: no special abilities


You were on level 3 of the Dungeon.
You were hungry.

You visited 1 branch of the dungeon, and saw 3 of its levels.

You collected 78 gold pieces.

Inventory:

Hand Weapons
 a - a +0 flail (weapon)
Armour
 b - a +0 scale mail (worn)
 c - a +0 shield (worn)
Jewellery
 p - a +4 ring of dexterity (left hand)
Wands
 r - a wand of iceblast (7/15)
Scrolls
 e - 2 scrolls of magic mapping {unknown}
 h - 2 scrolls of remove curse {unknown}
 i - 6 scrolls of identify {unknown}
 l - 2 scrolls of teleportation {unknown}
 m - 2 scrolls of fear {unknown}
Potions
 d - a potion of might
 j - 2 potions of brilliance
 n - a potion of cure mutation {unknown}
 o - 2 potions of heal wounds {unknown}
Comestibles
 f - 8 bread rations
 g - 4 meat rations
 k - a slice of pizza
 q - a beef jerky


   Skills:
 + Level 3.8 Fighting
 * Level 3.8 Maces & Flails
 + Level 4.1 Armour
 + Level 4.0 Shields


You had 4 spell levels left.
You didn't know any spells.

Dungeon Overview and Level Annotations

Branches:
Dungeon (3/15)

Altars:


Innate Abilities, Weirdness & Mutations

You are resistant to torment.
Your stone body is resilient (AC +4).
You are immune to poison.
You resist negative energy.
You are resistant to electric shocks.
You can survive without breathing.
You are immune to petrification.
You are immune to rotting.


Message History

* * * LOW HITPOINT WARNING * * *
The orc barely misses you. The orc hits you but does no damage.
You are too injured to fight recklessly!
You are too injured to fight recklessly!
You are too injured to fight recklessly!
You are too injured to fight recklessly!
You are too injured to fight recklessly!
You are too injured to fight recklessly!
You are too injured to fight recklessly!
You are too injured to fight recklessly!
Your shield prevents you from hitting something.
You block the orc's attack. Something hits you but does no damage.
The orc hits you but does no damage. The orc closely misses you.
The orc hits you with a falchion.
* * * LOW HITPOINT WARNING * * *
Unknown command.
You sock something! Something hits you but does no damage.
The orc hits you but does no damage. The orc barely misses you.
The orc hits you with a falchion.
You die...

##########
#?.......####
##...........#
..$..........#
#............##
#.....o){......
#....o@o...#
##...#...#.#
### #####


You could see 3 orcs.

Vanquished Creatures
  An orc priest (D:3)
  A gnoll (D:1)
  4 adders (D:2)
  An ooze (D:2)
  2 worms (D:2)
  4 giant geckos
  4 giant cockroaches (D:1)
  5 goblins
  8 hobgoblins
  4 jackals
  A ball python (D:2)
  8 bats
  4 giant newts
  6 kobolds
  4 rats
57 creatures vanquished.

Notes
Turn   | Place    | Note
--------------------------------------------------------------
     0 | D:1      | Zhenya25pyc the Gargoyle Fighter began the quest for the Orb.
     0 | D:1      | Reached XP level 1. HP: 14/14 MP: 1/1
    86 | D:1      | Reached XP level 2. HP: 9/19 MP: 2/2
   471 | D:1      | Reached XP level 3. HP: 6/23 MP: 3/3
  1327 | D:2      | Reached XP level 4. HP: 27/28 MP: 4/4
  1731 | D:2      | Reached XP level 5. HP: 32/33 MP: 5/5
  1820 | D:3      | HP: 1/33 [orc/falchion (2)]
  1821 | D:3      | Slain by an orc

Skill      XL: |  1  2  3  4  5 |
---------------+----------------+-----
Maces & Flails | 3 |  3.8
Armour         | 4 |  4.1
Shields        | 4 |  4.0
Fighting       | |  3.8

Action                   |  1- 3 |  4- 6 || total
-------------------------+-------+-------++-------
Melee: Flail             |   161 |   129 ||   290
  Use: Potion            |       |     1 ||     1
  Eat: Chunk             |     2 |     1 ||     3
Armor: Scale mail        |    94 |   115 ||   209
Dodge: Dodged            |    59 |    68 ||   127
Block: Shield            |   106 |    92 ||   198
